 Dungeon Crawl Stone Soup version 0.23.1 (webtiles) character file.

Game seed: 0

75 ohad the Changer (level 4, -5/28 HPs)
             Began as an Octopode Transmuter on Mar 3, 2019.
             Shot with an arrow by a centaur (15 damage)
             ... on level 2 of the Dungeon.
             The game lasted 00:03:56 (2160 turns).

ohad the Changer (Octopode Transmuter)              Turns: 2160, Time: 00:03:57

Health: -5/28      AC:  2    Str:  9    XL:     4   Next: 31%
Magic:  2/7        EV: 19    Int: 16    God:
Gold:   63         SH:  0    Dex: 17    Spells: 1/7 levels left

rFire    . . .     SeeInvis .     - Unarmed
rCold    . . .     Gourm    .   (shield currently unavailable)
rNeg     . . .     Faith    .   (helmet currently unavailable)
rPois    x         Spirit   .   (no amulet)
rElec    .         Reflect  .   i - ring of protection from magic
rCorr    .         Harm     .   (no ring)
MR       +....                  (no ring)
Stlth    ++........             (no ring)
HPRegen  0.09/turn              (no ring)
MPRegen  0.10/turn              (no ring)
                                (no ring)
                                (no ring)

@: spider-form, very slightly contaminated
A: tiny, almost no armour, stealthy swim, (amphibious), 8 rings, (constrict 8)
a: End Transformation


You were on level 2 of the Dungeon.
You were not hungry.
You were a venomous arachnid creature.
You visited 1 branch of the dungeon, and saw 2 of its levels.

You collected 63 gold pieces.

Inventory:

Missiles
 a - 42 arrows
Jewellery
 i - a ring of protection from magic (left front leg)
Scrolls
 d - 2 scrolls of identify {unknown}
 e - a scroll of noise {unknown}
 g - a scroll of fog {unknown}
 h - a scroll of enchant weapon {unknown}
 l - a scroll of remove curse {unknown}
Comestibles
 b - 4 chunks of flesh
 c - 2 rations


   Skills:
 - Level 1.0 Fighting
 - Level 2.0 Dodging
 - Level 3.0 Unarmed Combat
 - Level 2.0 Spellcasting
 + Level 4.4 Transmutations


You had one spell level left.
You knew the following spells:

 Your Spells              Type           Power        Failure   Level  Hunger
a - Beastly Appendage     Tmut           ###...       11%         1    #......
b - Sticks to Snakes      Tmut           ###.....     14%         2    ###....
c - Spider Form           Tmut/Pois      #.........   47%         3    ###....

Your spell library contained the following spells:

 Spells                   Type           Power        Failure   Level  Hunger
 Ice Form                 Ice/Tmut       #.......     82%         4    #####..
 Blade Hands              Tmut           ###.......   85%         5    ######.


Dungeon Overview and Level Annotations

Branches:
Dungeon (2/15)

Altars:
Hepliaklqana


Innate Abilities, Weirdness & Mutations

You cannot wear most types of armour.
You are very stealthy in the water. (Stealth+)
((You are amphibious.))
You can wear up to eight rings at the same time.
((You can use your tentacles to constrict eight enemies at once.))
((Your skin blends seamlessly with your surroundings (Stealth++).))
((Your rubbery body absorbs attacks. (AC +1, EV +1)))
((You are partially covered in icy blue scales. (AC +2)))


Message History

You are poisoned.
The adder poisons you!
You bite the adder!
You kill the adder!
You feel sick.
The centaur wields a +0 shortbow.
The centaur shoots an arrow.
The arrow hits you!
* * * LOW HITPOINT WARNING * * *
You hit the hobgoblin but do no damage.
* * * LOW HITPOINT WARNING * * *
You feel sick. The hobgoblin hits you.
* * * LOW HITPOINT WARNING * * *
Unknown command.
You feel better. The hobgoblin closely misses you.
You hit the hobgoblin.
The hobgoblin is poisoned.
The hobgoblin is heavily wounded.
You bite the hobgoblin!
You kill the hobgoblin!
The centaur shoots an arrow.
The arrow hits you!
Ouch! That really hurt!
You die...

####### ######.....#
#..........#########
###..#...............#
.............#######.#
#<.........# #.#
#.......#### #.#
#####.### ###.# #s#
#...# #†# #.### #.c.#
#.# #.....# ##.#
#.......# ##..# #####
#.........####(..##
.....
+.........+.......#
##.##
#.........####...###
##.......## ##....#


You could see a centaur.

Vanquished Creatures
  3 adders (D:2)
  A worm (D:2)
  4 dart slugs
  A leopard gecko (D:1)
  2 giant cockroaches (D:2)
  7 goblins
  4 hobgoblins
  3 jackals (D:2)
  A bat (D:2)
  3 kobolds
  8 rats
37 creatures vanquished.

Notes
Turn   | Place    | Note
-------+----------+-------------------------------------------
     0 | D:1      | ohad the Octopode Transmuter began the quest for the Orb.
     0 | D:1      | Reached XP level 1. HP: 13/13 MP: 3/3
   508 | D:1      | Reached XP level 2. HP: 18/18 MP: 3/5
   556 | D:1      | Reached skill level 3 in Transmutations
  1041 | D:2      | Reached XP level 3. HP: 2/23 MP: 4/6
  1052 | D:2      | Learned a level 2 spell: Sticks to Snakes
  1056 | D:2      | Learned a level 3 spell: Spider Form
  1725 | D:2      | Found a hazy altar of Hepliaklqana.
  1763 | D:2      | Gained mutation: Your skin blends seamlessly with your
                  | surroundings (Stealth++). [potion of mutation]
  1763 | D:2      | Gained mutation: You are partially covered in icy blue
                  | scales. (AC +2) [potion of mutation]
  1771 | D:2      | Reached skill level 4 in Transmutations
  1963 | D:2      | Reached XP level 4. HP: 28/28 MP: 7/7
  2149 | D:2      | Noticed a centaur
  2160 | D:2      | Shot with an arrow by a centaur

Skill      XL: |  1  2  3 |
---------------+----------+-----
Transmutations | 3 4 |  4.4
Fighting       | |  1.0
Dodging        | |  2.0
Unarmed Combat | |  3.0
Spellcasting   | |  2.0

Action                   |  1- 3 |  4- 6 || total
-------------------------+-------+-------++-------
Melee: Unarmed           |    73 |    22 ||    95
       Constrict         |    22 |     4 ||    26
       Kick              |     6 |     2 ||     8
       Tentacles         |    13 |       ||    13
 Cast: Beastly Appendage |     8 |     1 ||     9
       Spider Form       |       |     1 ||     1
  Use: Potion            |     4 |     1 ||     5
 Stab: Sleeping          |     6 |     1 ||     7
  Eat: Chunk             |     3 |     1 ||     4
Armor: Skin              |     3 |     2 ||     5
Dodge: Dodged            |    42 |    15 ||    57
